 Dungeon Crawl Stone Soup version 0.30-a0-779-g7971cf19c3 (webtiles) character file.

Game seed: 4946618933761462418

51460 sanka the Wrestler (level 14, -24/127 HPs)
             Began as a Troll Monk on Feb 17, 2023.
             Was the Champion of Okawaru.
             Annihilated by a stone giant (35 damage)
             ... on level 1 of the Depths.
             The game lasted 00:32:56 (13718 turns).

sanka the Wrestler (Troll Monk)                    Turns: 13718, Time: 00:32:56

Health: -24/127    AC: 18    Str: 24    XL:     14   Next: 23%
Magic:  17/17      EV: 14    Int:  6    God:    Okawaru [******]
Gold:   660        SH:  0    Dex: 14    Spells: 13/13 levels left

rFire   + . .      SeeInvis .      - Unarmed
rCold   + . .      Faith    .    (no shield)
rNeg    . . .      Spirit   .    I - +0 shadow dragon scales
rPois   .          Reflect  .    (helmet restricted)
rElec   .          Harm     .    l - scarf {rC+ rF+}
rCorr   .          Rampage  .    (gloves unavailable)
Will    +....                    (boots unavailable)
Stlth   ++++                     (no amulet)
HPRegen 1.21/turn                M - +4 ring of slaying
MPRegen 0.15/turn                N - +5 ring of evasion

@: heroic
A: large, unfitting armour, claws 3, regeneration 1, shaggy fur 1, tough skin 1
a: Renounce Religion, Heroism, Finesse, Duel


You were on level 1 of the Depths.
You worshipped Okawaru.
Okawaru was exalted by your worship.
You visited 3 branches of the dungeon, and saw 17 of its levels.
You also visited: Ossuary and Ice Cave.

You collected 1234 gold pieces.
You spent 574 gold pieces at shops.


Innate Abilities, Weirdness & Mutations

You are too large for most types of armour.
You have claws for hands.
Your natural rate of healing is unusually fast.
You are covered in fur. (AC +1)
You have tough skin. (AC +1)


   Skills:
 + Level 5.6(10.6) Fighting
 + Level 5.6(10.6) Armour
 - Level 2.4(7.4) Dodging
 - Level 1.0(6.0) Stealth
 - Level 22.0(27) Unarmed Combat
 + Level 5.7 Invocations


You had 13 spell levels left.
You didn't know any spells.
Your spell library contained the following spells:

 Spells                   Type           Power      Damage    Failure   Level
 Foxfire                  Conj/Fire      0%         2x1d4     95%         1
 Hailstorm                Conj/Ice       0%         3d3       100%        3
 Ignite Poison            Fire/Tmut/Pois 0%         N/A       100%        3
 Kindle Blastsparks       Fire/Tloc/Air  0%         2d10      100%        3
 Ice Form                 Ice/Tmut       0%         N/A       100%        4
 Passage of Golubria      Tloc           0%         N/A       100%        4
 Fireball                 Conj/Fire      0%         3d3       100%        5
 Freezing Cloud           Conj/Ice/Air   0%         6-21      100%        5
 Silence                  Hex/Air        0%         N/A       100%        5
 Starburst                Conj/Fire      0%         6d3       100%        6
 Orb of Destruction       Conj           0%         9d5       100%        7
 Lehudib's Crystal Spear  Conj/Erth      0%         10d2      100%        8
 Polar Vortex             Ice            0%         N/A       100%        9
 Summon Guardian Golem    Hex/Summ       Unusable   N/A       N/A         3
 Simulacrum               Ice/Necr       Unusable   N/A       N/A         6
 Spellforged Servitor     Conj/Summ      Unusable   N/A       N/A         7

Inventory:

Hand Weapons
 b - a +6 scimitar of flaming
 L - the +2 short sword of Leunlu {pain, rElec Will+ rCorr Dex-2}

   Dex:       It affects your dexterity (-2).
   rElec:     It insulates you from electricity.
   rCorr:     It protects you from acid and corrosion.
   Will:      It increases your willpower.
Missiles
 e - a throwing net {=f}
 i - 17 large rocks {=f}
 O - 4 silver javelins
Armour
 l - a scarf of resistance (worn)
 C - a +0 cloak
 I - +0 shadow dragon scales (worn)
 T - the +0 tower shield "Usmomit" {rC+ Regen+} rC: It protects you from cold. Regen: It increases your rate of health regeneration.
Jewellery
 c - a ring of resist corrosion
 g - a ring of positive energy
 M - a +4 ring of slaying (left claw)
 N - a +5 ring of evasion (right claw)
 Q - a ring of ice
 S - a ring of willpower
Wands
 n - a wand of roots (3)
 E - a wand of flame (38)
 H - a wand of quicksilver (7)
 P - a wand of mindburst (6)
Scrolls
 f - 4 scrolls of fear
 h - 3 scrolls of immolation {!r}
 m - a scroll of vulnerability {!r}
 p - 4 scrolls of blinking
 q - 4 scrolls of fog
 s - 4 scrolls of teleportation {@r4}
 x - 6 scrolls of enchant armour
 y - 6 scrolls of poison {!r}
 G - 5 scrolls of noise {!r}
 R - a scroll of magic mapping
Potions
 a - 3 potions of resistance
 d - 8 potions of flight
 j - 2 potions of invisibility
 k - 6 potions of lignification {!q}
 o - 13 potions of curing {@q1}
 r - 3 potions of berserk rage {!q}
 t - 4 potions of might
 u - a potion of attraction {unknown}
 w - 3 potions of heal wounds {@q2}
 z - 2 potions of magic {unknown}
 A - 4 potions of brilliance
 B - 2 potions of degeneration {unknown}
 D - a potion of cancellation {unknown}
 F - 4 potions of haste {@q3}
 J - 2 potions of mutation {unknown}
 K - 3 potions of ambrosia

Dungeon Overview and Level Annotations

Branches:
Dungeon (15/15)            Temple (1/1) D:4            Lair (0/5) D:11
    Orc (0/2) D:9          Vaults (0/5) D:13         Depths (1/4) D:15
Ossuary (visited)           IceCv (visited)

Altars:
Ashenzari
Cheibriados
Dithmenos
Elyvilon
Fedhas
Gozag
Hepliaklqana
Kikubaaqudgha
Makhleb
Nemelex Xobeh
Okawaru
Qazlal
Ru
Sif Muna
Trog
Uskayaw
Vehumet
Wu Jian
Xom
Yredelemnul
Zin
The Shining One

Shops:
D:15 :

Annotations:
D:9 exclusion: downstairs
D:11 exclusion: downstairs

..)...▒.<.....▒
......▒.......▒▒▒▒▒
▒..........▒▒▒▒...▒
▒▒...▒▒.▒▒▒▒....▒▒▒▒
▒▒▒▒▒.....▒.▒▒▒▒..▒
▒..▒..........▒
▒..▒▒...▒▒▒..▒▒
.....▒.▒▒▒...▒▒
..▒......▒...T.▒
....▒......▒▒▒▒▒C▒
... ▒.....▒▒ ▒.▒ ..
▒▒....▒ ▒.▒▒▒ .....▒
▒...▒▒▒▒▒ ▒▒▒..)).▒
...▒▒▒▒▒▒▒C▒▒▒
...Q.Y.i)..).▒


..PPPPPPPPPPP▒ You could see a stone giant.


Message History

You hear a trumpeting!
You mangle the death yak!!
You kill the death yak!
You closely miss the spriggan berserker.
You eviscerate the spriggan berserker!!!
You claw the spriggan berserker!
You kill the spriggan berserker!
Okawaru accepts your kill.
The elephant is no longer berserk.
The spriggan hits you with a +0 rapier!
* * * LOW HITPOINT WARNING * * *
Things that are here:
a +0 hand axe; a +0 animal skin You mangle the spriggan!!
You kill the spriggan!
Okawaru accepts your kill.
A stone giant comes into view.
The stone giant throws a large rock.
The large rock misses you.
The stone giant throws a large rock.
The large rock hits you!!
* * * LOW HITPOINT WARNING * * *
You start resting.
A stone giant is nearby!
The stone giant hits you!!
* * * LOW HITPOINT WARNING * * *
You scratch the stone giant.
The stone giant is lightly wounded.
The stone giant hits you!!
You die...

Action                     |  1- 3 |  4- 6 |  7- 9 | 10-12 | 13-15 || total
---------------------------+-------+-------+-------+-------+-------++-------
  Melee: Unarmed           |    66 |   165 |   272 |   537 |   253 ||  1293
         Punch             |     1 |     7 |    14 |    56 |    41 ||   119
         Scimitar          |       |       |       |     5 |     9 ||    14
 Invoke: Heroism           |       |       |       |     4 |     4 ||     8
         Finesse           |       |       |       |       |     1 ||     1
  Evoke: Wand              |       |       |       |     8 |       ||     8
    Use: Scroll            |       |       |    10 |    11 |     1 ||    22
         Potion            |       |       |       |     2 |     2 ||     4
   Stab: Sleeping          |     4 |     3 |     8 |     8 |     5 ||    28
         Distracted        |       |       |     1 |     2 |       ||     3
 Armour: Robe              |    21 |    53 |    18 |       |       ||    92
         Shadow dragon sca |       |       |    90 |   261 |   112 ||   463
  Dodge: Dodged            |    24 |    74 |    68 |   249 |   123 ||   538

Levels and vault maps discovered:
D:1:      arrival_zaba_pyramid, layout_loops_ring, basic_ecumenical_altar,
          minmay_unequal
D:2:      minmay_angry_zag, layout_basic, uniq_jessica
D:3:      layout_basic, mainiacjoe_overflow_tiny_flanked,
          gammafunk_temple_overflow_wave, grunt_ministairs_13
D:4:      layout_loops_ring, kiku_gazebo_pond_becter,
          minmay_temple_entry_arrows, minmay_misc_feat_tiny
D:5:      layout_cave_pools, kennysheep_dice, uniq_edmund, uniq_grinder,
          uniq_eustachio
D:6:      layout_gridville
D:7:      layout_basic, cheibrodos_ashenzari_chains, lemuel_crystal_altar,
          lightli_ossuary_entry_decrepit_ruins, ebering_ghost_reflecting_pool,
          kennysheep_generic_room_8
D:8:      layout_loops_ring, hangedman_decor_lopped
D:9:      layout_rooms, david_orc_4, chequers_serial_rivers_micro_b
D:10:     layout_gridville, hangedman_decor_push, hangedman_tell_no_tales
D:11:     minmay_the_grid_four_pointed_star
          [minmay_the_grid_triangle_9x9_odd_lines,
          minmay_the_grid_triangle_9x9_empty,
          minmay_the_grid_triangle_9x9_windchime,
          minmay_the_grid_triangle_9x9_corruption,
          minmay_the_grid_prize_inner_circle], layout_basic, serial_shops,
          kennysheep_mini, uniq_grum
D:12:     layout_loops_ring, serial_ice, serial_ice_n, serial_ice_a,
          serial_ice_k, serial_ice_f, portal_ice_cave_entry_pillars_1
D:13:     layout_roguey, ximxim_vaults_locker_room, minivault_14,
          kennysheep_generic_room_4, uniq_nessos
D:14:     layout_rooms, minmay_misc_feat_secret_circle
D:15:     grunt_enter_depths_magical_seal, layout_loops_ring, serial_shops,
          nicolae_diamond_shop, tso_metal_star, st_stairs_3
Temple:   eino_temple_scatter_basement
Depths:1: minmay_spriggan_fort, layout_honeycomb, hell_entry,
          amcnicky_mini_rare_corridor_liquid, elyvilon_altar_5, uniq_mara

Notes
Turn   | Place    | Note
-------+----------+-------------------------------------------
     0 | D:1      | sanka the Troll Monk began the quest for the Orb.
     0 | D:1      | Reached XP level 1. HP: 22/22 MP: 0/0
    98 | D:1      | Found a faded altar of an unknown god.
   390 | D:1      | Reached skill level 3 in Fighting
   390 | D:1      | Reached XP level 2. HP: 31/31 MP: 1/1
   774 | D:2      | Identified a scarf of resistance
   849 | D:2      | Reached XP level 3. HP: 34/37 MP: 2/2
   948 | D:2      | Reached skill level 4 in Unarmed Combat
   981 | D:2      | Reached XP level 4. HP: 45/45 MP: 3/3
  1268 | D:2      | Noticed Jessica
  1273 | D:2      | Killed Jessica
  1274 | D:2      | Reached skill level 5 in Unarmed Combat
  1464 | D:2      | Reached XP level 5. HP: 17/53 MP: 4/4
  1467 | D:2      | HP: 5/53 [orc/+0 flail (2)]
  1535 | D:2      | Reached skill level 6 in Unarmed Combat
  1639 | D:3      | Reached XP level 6. HP: 61/61 MP: 5/5
  1793 | D:3      | Found a basalt altar of Yredelemnul.
  2039 | D:3      | Found a sparkling altar of Nemelex Xobeh.
  2039 | D:3      | Found a hazy altar of Hepliaklqana.
  2177 | D:3      | Reached skill level 7 in Unarmed Combat
  2227 | D:4      | Found a staircase to the Ecumenical Temple.
  2255 | Temple   | Entered the Ecumenical Temple
  2437 | Temple   | Became a worshipper of Warmaster Okawaru
  2437 | Temple   | Reached * piety under Okawaru
  2437 | Temple   | Reached ** piety under Okawaru
  2593 | D:4      | Reached skill level 1 in Invocations
  2593 | D:4      | Reached XP level 7. HP: 67/67 MP: 6/6
  2617 | D:4      | Found an ancient bone altar of Kikubaaqudgha.
  3171 | D:5      | Entered Level 5 of the Dungeon
  3183 | D:4      | Reached skill level 2 in Invocations
  3186 | D:5      | Reached skill level 8 in Unarmed Combat
  3256 | D:5      | Noticed Eustachio
  3277 | D:5      | Killed Eustachio
  3278 | D:5      | Reached skill level 3 in Invocations
  3368 | D:5      | Noticed Edmund
  3380 | D:5      | Killed Edmund
  3381 | D:5      | Reached XP level 8. HP: 63/75 MP: 9/9
  3574 | D:5      | Reached *** piety under Okawaru
  3575 | D:5      | Reached skill level 4 in Invocations
  3619 | D:5      | Noticed Grinder
  3626 | D:5      | Killed Grinder
  3627 | D:5      | Reached skill level 9 in Unarmed Combat
  3851 | D:6      | Reached skill level 5 in Invocations
  4092 | D:6      | Identified +0 shadow dragon scales
  4316 | D:7      | Found a broken altar of Ashenzari.
  4323 | D:7      | Reached skill level 10 in Unarmed Combat
  4404 | D:7      | Found a glowing golden altar of the Shining One.
  4447 | D:7      | Reached **** piety under Okawaru
  4448 | D:7      | Reached skill level 4 in Fighting
  4451 | D:7      | Reached XP level 9. HP: 73/83 MP: 11/11
  4587 | D:7      | Reached skill level 5 in Fighting
  4629 | D:7      | Found a runed translucent door.
  4640 | D:7      | Noticed funkygono's ghost (novice GrFE)
  4656 | D:7      | Killed funkygono's ghost
  4656 | D:7      | Reached ***** piety under Okawaru
  4657 | D:7      | Reached skill level 11 in Unarmed Combat
  4801 | D:7      | Found a sand-covered staircase.
  4810 | Ossuary  | Entered an ossuary
  5497 | D:8      | Reached skill level 12 in Unarmed Combat
  5824 | D:8      | Identified the +4 longbow "Rowkoczu" {heavy, rC+} (Okawaru
                  | gifted it to you on level 8 of the Dungeon)
  5824 | D:8      | Received a gift from Okawaru
  5964 | D:8      | Reached XP level 10. HP: 96/96 MP: 12/12
  6177 | D:9      | Reached skill level 13 in Unarmed Combat
  6243 | D:9      | Found a staircase to the Orcish Mines.
  6707 | D:10     | Entered Level 10 of the Dungeon
  6794 | D:10     | Reached skill level 14 in Unarmed Combat
  6938 | D:10     | Received a gift from Okawaru
  7180 | D:10     | Received a gift from Okawaru
  7189 | D:10     | Reached skill level 15 in Unarmed Combat
  7226 | D:10     | Reached skill level 1 in Armour
  7433 | D:10     | Reached skill level 2 in Armour
  7433 | D:10     | Reached XP level 11. HP: 97/102 MP: 13/13
  7749 | D:11     | Identified +0 acid dragon scales
  7750 | D:11     | Reached skill level 3 in Armour
  7844 | D:11     | Found a staircase to the Lair.
  7985 | D:11     | Noticed a two-headed ogre
  7996 | D:11     | Killed a two-headed ogre
  7997 | D:11     | Reached skill level 4 in Armour
  8096 | D:11     | Reached skill level 5 in Armour
  8107 | D:11     | Noticed an ogre mage
  8115 | D:11     | Killed an ogre mage
  8117 | D:11     | Noticed a six-headed hydra
  8282 | D:11     | Noticed Grum
  8306 | D:11     | Killed Grum
  8443 | D:11     | Noticed a deep elf pyromancer
  8455 | D:11     | Killed a deep elf pyromancer
  8456 | D:11     | Reached skill level 16 in Unarmed Combat
  8537 | D:11     | Reached ****** piety under Okawaru
  8739 | D:11     | Found Upul's Distillery.
  8742 | D:11     | Bought a potion of heal wounds for 70 gold pieces
  8742 | D:11     | Bought a potion of haste for 140 gold pieces
  8742 | D:11     | Bought a potion of curing for 42 gold pieces
  8742 | D:11     | Bought a potion of invisibility for 112 gold pieces
  8742 | D:11     | Bought a potion of heal wounds for 70 gold pieces
  8742 | D:11     | Bought a potion of might for 56 gold pieces
  8742 | D:11     | Bought a potion of flight for 42 gold pieces
  8742 | D:11     | Bought a potion of curing for 42 gold pieces
  8933 | D:12     | Found a frozen archway.
  8955 | IceCv    | Entered an ice cave
  9063 | IceCv    | Identified the -1 helmet of Ujero {Int+2}
  9421 | IceCv    | Identified the +0 robe of Rewounabi {rCorr} (Okawaru gifted
                  | it to you in an ice cave)
  9421 | IceCv    | Received a gift from Okawaru
  9528 | IceCv    | Reached XP level 12. HP: 107/111 MP: 14/14
  9563 | IceCv    | Reached skill level 17 in Unarmed Combat
  9783 | IceCv    | Identified the +2 short sword of Leunlu {pain, rElec Will+
                  | rCorr Dex-2}
 10374 | D:12     | Reached skill level 18 in Unarmed Combat
 11005 | D:13     | Noticed a centaur warrior
 11015 | D:13     | Killed a centaur warrior
 11018 | D:13     | Reached skill level 19 in Unarmed Combat
 11100 | D:13     | Noticed a centaur warrior
 11118 | D:13     | Killed a centaur warrior
 11118 | D:13     | Received a gift from Okawaru
 11178 | D:13     | Identified 2 potions of resistance
 11188 | D:13     | Noticed Nessos
 11188 | D:13     | Noticed a seven-headed hydra
 11196 | D:13     | Killed a four-headed hydra
 11201 | D:13     | Killed Nessos
 11301 | D:13     | Killed a vault guard
 11460 | D:13     | Reached XP level 13. HP: 118/118 MP: 15/15
 11503 | D:13     | Received a gift from Okawaru
 11518 | D:13     | Reached skill level 20 in Unarmed Combat
 11595 | D:13     | Identified the +0 tower shield "Usmomit" {rC+ Regen+}
 11599 | D:13     | Found a gate to the Vaults.
 12210 | D:15     | Entered Level 15 of the Dungeon
 12348 | D:15     | Reached skill level 21 in Unarmed Combat
 12354 | D:15     | HP: 11/118 [centaur warrior/arrow (5)]
 12480 | D:15     | Identified the +4 war axe of Equivalence {drain, Stlth+}
                  | (Okawaru gifted it to you on level 15 of the Dungeon)
 12480 | D:15     | Received a gift from Okawaru
 12966 | D:15     | Found a glowing golden altar of the Shining One.
 13106 | D:15     | Identified the +5 glaive of Eryilura {drain, rC- rN++ SInv
                  | Stlth+} (Okawaru gifted it to you on level 15 of the
                  | Dungeon)
 13106 | D:15     | Received a gift from Okawaru
 13131 | D:15     | Reached XP level 14. HP: 127/127 MP: 16/16
 13137 | D:15     | Reached skill level 22 in Unarmed Combat
 13165 | D:15     | Found a staircase to the Depths.
 13303 | D:15     | Found Pyhaseo's Book Shop.
 13509 | Depths:1 | Entered Level 1 of the Depths
 13541 | Depths:1 | Noticed Mara
 13559 | Depths:1 | Killed Mara
 13706 | Depths:1 | Noticed a stone giant
 13708 | Depths:1 | HP: 2/127 [stone giant/large rock (28)]
 13717 | Depths:1 | HP: 11/127 [stone giant (24)]
 13718 | Depths:1 | Annihilated by a stone giant

Vanquished Creatures
  Mara (Depths:1)
  Nessos (D:13)
  3 hydras
  4 vault guards (D:13)
  9 centaur warriors
  An ogre mage (D:11)
  A death knight (D:15)
  A two-headed ogre (D:11)
  A spriggan berserker (Depths:1)
  2 bog bodies (IceCv)
  4 deep elf pyromancers
  A necromancer (D:15)
  4 wizards (D:15)
  The ghost of funkygono the Arsonist, a novice GrFE (D:7)
  11 ugly things
  4 cyclopes
  2 centaur zombies (D:15)
  4 manticores
  An ice statue (IceCv)
  A gargoyle (D:12)
  A komodo dragon (shapeshifter) (D:13)
  An unseen horror (D:10)
  2 centaur skeletons (D:15)
  An anaconda simulacrum (IceCv)
  A kobold demonologist (D:12)
  A rime drake (shapeshifter) (D:14)
  2 efreet
  An ice devil (IceCv)
  A tengu conjurer (D:14)
  Grinder (D:5)
  4 meliai
  2 polar bears (D:12)
  4 trolls
  A hornet (Depths:1)
  4 centaur simulacra
  3 spriggans (Depths:1)
  A culicivora (shapeshifter) (D:11)
  4 slime creatures (D:14)
  3 wyverns
  5 wraiths
  14 yaks
  4 shadows
  A water elemental (D:12)
  2 basilisks
  2 dire elephant simulacra (IceCv)
  Eustachio (D:5)
  7 humans (D:13)
  10 vampire mosquitoes
  Grum (D:11)
  2 death yak simulacra (IceCv)
  Edmund (D:5)
  2 acid dragons
  A harpy simulacrum (IceCv)
  A water moccasin (D:7)
  A meliai simulacrum (D:15)
  9 orc warriors
  2 ice beasts (D:12)
  3 black bears
  A sky beast (D:7)
  4 wolves
  An ogre (D:4)
  15 centaurs
  4 bullfrogs
  A necrophage (D:7)
  3 two-headed ogre simulacra (IceCv)
  4 scorpions
  A cane toad simulacrum (IceCv)
  12 wights
  6 killer bees (D:10)
  4 elephant simulacra (IceCv)
  5 spriggan skeletons (D:10)
  A troll skeleton (D:10)
  4 electric eels
  4 howler monkeys
  6 hounds
  6 orc priests
  3 jellies
  3 human zombies (Ossuary)
  Jessica (D:2)
  2 iguanas
  5 troll simulacra (IceCv)
  15 orc wizards
  3 polar bear simulacra (IceCv)
  6 spriggan simulacra (IceCv)
  A wolf simulacrum (IceCv)
  2 mummies (Ossuary)
  4 gnolls
  11 adders
  3 naga simulacra (IceCv)
  8 white imps
  15 ufetubi
  5 adder zombies (Ossuary)
  2 worms
  A dart slug (D:5)
  49 orcs
  9 endoplasms
  A giant cockroach (D:4)
  9 goblins
  9 hobgoblins
  13 jackals
  10 kobolds
  7 quokkas
  6 ball pythons
  7 bats
  A frilled lizard (D:2)
  A goblin zombie (Ossuary)
  11 hobgoblin zombies (Ossuary)
  2 jackal zombies (Ossuary)
  10 kobold zombies (Ossuary)
  3 orc zombies (Ossuary)
  11 rats
  A rat zombie (Ossuary)
496 creatures vanquished.

Vanquished Creatures (others)
  A vault guard (D:13)
  An orc wizard (D:9)
  A white imp (D:12)
  An ufetubus (D:12)
  A plant (Depths:1)
5 creatures vanquished.

Grand Total: 501 creatures vanquished
